Map: Ascension to Aiur LE

Players

Yata

  • Race: Zerg Zerg
  • League: Bronze
  • Spawn Location: 11:00

A.I. 1 (Medium) - Winner!

  • Race: Zerg Zerg
  • Spawn Location: 5:00

VOD

Have the link to the VOD?

Description

Time

  • Played on: July 9, 2017, 3:59 p.m.
  • Length: 5:55
Show
View Real Time Build Order
Export as new Build Order

Yata Zerg 

Build Orders: Hatch First 

Get SALT Encoding   

  12  0:01  Drone  
  13  0:12  Overlord  
  13  0:20  Drone  
  14  0:30  Drone x2  
  16  0:36  Drone  
  17  0:54  Hatchery  
  16  0:58  Drone  
  16  1:01  Drone  
  18  1:05  Extractor  
  17  1:18  Spawning Pool  
  17  1:21  Drone  
  17  1:25  Drone  
  18  1:29  Drone  
  19  1:38  Overlord  
  19  1:50  Drone  
  20  2:03  Drone  
  20  2:06  Metabolic Boost  
  20  2:08  Queen  
  23  2:13  Queen  
  25  2:19  Zergling x4  
  27  2:23  Drone  
  27  2:29  Drone x2  
  30  2:35  Drone  
  31  2:41  Overlord  
  31  3:04  Drone x3  
  32  3:23  Roach Warren  
  31  3:34  Zergling x2  
  31  3:35  Zergling x4  
  34  3:43  Drone x3  
  34  3:44  Drone x4  
  41  4:02  Hatchery  
  40  4:13  Drone x3  
  40  4:14  Extractor  
  40  4:15  Extractor  
  40  5:09  Queen  
  40  5:11  Overlord x2  
  42  5:23  Zergling x14  
  49  5:38  Baneling Nest  
Show
View Real Time Build Order
Export as new Build Order

A.I. 1 (Medium) Zerg - Winner!

Build Orders: Pool Only 

Get SALT Encoding   

  12  0:00  Drone  
  13  0:12  Overlord  
  13  0:16  Drone  
  14  0:30  Drone  
  14  0:33  Drone  
  16  0:42  Spawning Pool  
  15  0:45  Drone  
  15  0:48  Drone  
  17  0:52  Extractor  
  17  0:55  Drone  
  17  1:05  Overlord  
  17  1:30  Queen  
  17  1:31  Zergling x2  
  20  1:36  Roach Warren  
  20  1:38  Drone  
  20  1:41  Extractor  
  20  1:46  Zergling x2  
  20  1:49  Drone  
  21  1:59  Drone  
  22  2:10  Overlord  
  22  2:21  Roach, Lair  
  24  2:37  Roach  
  26  2:49  Overlord  
  26  2:52  Roach  
  28  3:08  Roach  
  30  3:17  Drone  
  31  3:22  Drone  
  31  3:24  Roach  
  31  3:26  Hydralisk Den  
  33  3:35  Drone  
  34  3:44  Overlord  
  34  3:48  Drone  
  35  3:52  Drone  
  36  3:56  Drone  
  36  3:57  Hydralisk  
  36  3:59  Drone  
  40  4:07  Baneling Nest  
  39  4:10  Drone  
  39  4:12  Hydralisk  
  42  4:17  Evolution Chamber  
  42  4:19  Drone  
  41  4:29  Zergling x2  
  42  4:44  Hydralisk  
  44  4:49  Drone  
  44  5:02  Drone  
  44  5:20  Drone  
  44  5:33  Drone  
Tags
 
League
Bronze
Matchup
ZvZ
Race
Zerg
Replay Pack
Pack 1
Spawn Locations
Cross Positions
Add a new tag
Caveats
  • Supply blocks, unpowered buildings, or Contaminate may cause inaccurate times.
  • Supply counts are checked every 10 seconds.